 Dungeon Crawl Stone Soup version 0.28-a0-1080-g05a166d0ed (webtiles) character file.

Game seed: 16030555077336636463

4186 garrulousMonolith the Magician (level 10, -2/76 HPs)
             Began as a Gnoll Air Elementalist on Dec 10, 2021.
             Was a Follower of Ashenzari.
             Killed by their own static electricity (4 damage)
             ... on level 9 of the Dungeon.
             The game lasted 00:16:32 (11647 turns).

garrulousMonolith the Magician (GnAE)              Turns: 11647, Time: 00:16:32

Health: -2/76      AC:  6    Str: 21    XL:     10   Next: 29%
Magic:  19/22      EV: 14    Int: 18    God:    Ashenzari [*.....]
Gold:   418        SH:  5    Dex: 12    Spells: 10/25 levels left

rFire   . . .      SeeInvis .   P - +0 dagger (elec)
rCold   . . .      Faith    .   y - +0 buckler "Shackled With Me" {Bglg, Comp} (curse)
rNeg    . . .      Spirit   .   q - +0 leather armour
rPois   .          Reflect  .   (no helmet)
rElec   .          Harm     .   D - +0 cloak
rCorr   .          Rampage  .   l - +0 pair of gloves
Will    .....                   (no boots)
Stlth   +++.......              f - amulet "Cryptic Omen" {RegenMP, Evo, Self} (curse)
HPRegen 0.22/turn               d - +6 ring of strength
MPRegen 0.58/turn               t - +6 ring of strength

@: no status effects
A: fangs 1, strong nose, distributed training
a: Renounce Religion, Shatter the Chains


You were on level 9 of the Dungeon.
You worshipped Ashenzari.
Ashenzari was aware of your devotion.
You visited 2 branches of the dungeon, and saw 10 of its levels.
You also visited: Sewer and Ossuary.

You collected 454 gold pieces.
You spent 36 gold pieces at shops.

Inventory:

Hand Weapons
 e - a +1 dagger of protection
 s - the +7 demon whip of Koxtoresch {drain, Dex+4}
   (You acquired it on level 9 of the Dungeon)

   A truly terrible weapon, it drains the life of any living foe it strikes.
   Dex:       It affects your dexterity (+4).
 w - a +5 morningstar
 B - a +1 flail of venom
 P - a +0 dagger of electrocution (weapon)
Missiles
 h - 45 poisoned darts
 m - a throwing net
 z - 87 stones
Armour
 l - a +0 pair of gloves (worn)
 q - a +0 leather armour (worn)
 y - the cursed +0 buckler "Shackled With Me" (worn) {Bglg, Comp}
   (You found it on level 4 of the Dungeon)

   It has a curse which improves the following skills: Beguiling: Conjurations,
   Hexes and Translocations.
   Companions: Summonings and Necromancy.
 D - a +0 cloak (worn)
Magical Staves
 p - a staff of death
 A - a staff of air
Jewellery
 d - a +6 ring of strength (left hand)
 f - the cursed amulet "Cryptic Omen" (around neck) {RegenMP, Evo, Self}
   (You found it on level 1 of the Dungeon)

   [amulet of magic regeneration]

   It increases your rate of magic regeneration.
   It has a curse which improves the following skills: Evocations: Evocations.
   Introspection: Fighting and Spellcasting.
 g - an amulet of regeneration
 t - a +6 ring of strength (right hand)
Wands
 C - a wand of polymorph (14)
 J - a wand of paralysis (6)
 O - a wand of flame (27)
Scrolls
 a - 2 scrolls of enchant weapon
 b - 2 scrolls of fear
 c - 2 scrolls of immolation
 i - 2 scrolls of blinking
 j - 3 scrolls of vulnerability
 k - 2 scrolls of teleportation
 n - 4 scrolls of fog
 E - 2 scrolls of enchant armour
 I - 2 scrolls of magic mapping
 L - a scroll of identify
 M - a scroll of amnesia
Potions
 o - 3 potions of flight
 r - a potion of degeneration
 u - 5 potions of mutation
 x - 3 potions of cancellation
 F - 4 potions of might
 G - 3 potions of haste
 H - a potion of brilliance
 K - 2 potions of resistance
 N - a potion of invisibility


   Skills:
 + Level 5.1(6.1) Fighting
 + Level 5.1 Short Blades
 + Level 5.1 Long Blades
 + Level 5.1 Axes
 + Level 5.1 Maces & Flails
 + Level 5.1 Polearms
 + Level 5.1 Staves
 + Level 5.1 Slings
 + Level 5.1 Bows
 + Level 5.1 Crossbows
 + Level 5.1 Throwing
 + Level 5.1 Armour
 + Level 7.0 Dodging
 + Level 6.7 Stealth
 + Level 5.1 Shields
 + Level 5.1 Unarmed Combat
 + Level 7.2(8.3) Spellcasting
 + Level 4.8(5.8) Conjurations
 + Level 4.2(5.2) Hexes
 + Level 4.2(5.2) Summonings
 + Level 4.2(5.2) Necromancy
 + Level 4.2(5.2) Translocations
 + Level 4.2 Transmutations
 + Level 4.2 Fire Magic
 + Level 4.2 Ice Magic
 + Level 7.0 Air Magic
 + Level 4.2 Earth Magic
 + Level 4.2 Poison Magic
 + Level 5.6 Invocations
 + Level 5.1(6.1) Evocations


You had 10 spell levels left.
You knew the following spells:

 Your Spells              Type           Power      Damage    Failure   Level
a - Stone Arrow           Conj/Erth      50%        3d10      4%          3
b - Static Discharge      Conj/Air       30%        N/A       1%          2
c - Poisonous Vapours     Pois/Air       54%        N/A       1%          2
d - Shock                 Conj/Air       100%       1d9       1%          1
e - Airstrike             Air            16%        N/A       6%          4
f - Sandblast             Erth           44%        2d11      1%          1
g - Passwall              Tmut/Erth      18%        N/A       2%          2

Your spell library contained the following spells:

 Spells                   Type           Power      Damage    Failure   Level
 Corpse Rot               Necr/Air       58%        N/A       1%          2
 Swiftness                Air            32%        N/A       1%          3


Dungeon Overview and Level Annotations

Branches:
Dungeon (9/15)             Temple (1/1) D:5            Lair (0/6) D:8
  Sewer (visited)         Ossuary (visited)
    Orc: D:9-12

Altars:
Ashenzari
Cheibriados
Dithmenos
Elyvilon
Fedhas
Gozag
Hepliaklqana
Kikubaaqudgha
Makhleb
Nemelex Xobeh
Okawaru
Qazlal
Ru
Sif Muna
Trog
Uskayaw
Vehumet
Wu Jian
Xom
Yredelemnul
Zin
The Shining One

Shops:
D:2 *

Annotations:
D:4 2 transporters, Thraspic's ghost, amateur DjTm
D:9 Harold


Innate Abilities, Weirdness & Mutations

You have very sharp teeth.
Your uncanny sense of smell can sniff out nearby items.
Your experience applies equally to all skills.


Message History

Okay, then.
Aiming: Paralyse
Press: ? - help, Shift-Dir - straight line, f/p - Harold
Aim: Harold, wielding a +0 glaive, wearing a +0 scale mail and quivering 2 throwing nets (moderately wounded, extremely poisoned, chance to affect: 29%)
Okay, then.
Blink to where?
Press: ? - help, Dir - move target, p - Harold
As you read the scroll of blinking, it crumbles to dust.
Aiming: Iceblast
Press: ? - help, Shift-Dir - straight line Out of range.
Okay, then.
Aiming: Iceblast
Press: ? - help, Shift-Dir - straight line, f - Harold
Aim: Harold, wielding a +0 glaive, wearing a +0 scale mail and quivering 2 throwing nets (moderately wounded, very poisoned)
The mass of ice explodes!
The iceblast engulfs Harold!!
Harold is severely wounded.
Harold throws a throwing net.
The throwing net hits you.
You become entangled in the net!
Aiming: Iceblast
Press: ? - help, Shift-Dir - straight line, f/p - Harold
Aim: Harold, wielding a +0 glaive, wearing a +0 scale mail and quivering a throwing net (severely wounded, very poisoned)
The mass of ice explodes!
The iceblast engulfs Harold!
Harold is severely wounded.
The now-empty wand crumbles to dust.
Harold fires a harpoon shot at you. The harpoon shot hits you!
* * * LOW HITPOINT WARNING * * *
You are yanked forward by the harpoon shot.
Okay, then.
Aiming: Paralyse
Press: ? - help, Shift-Dir - straight line, f/p - Harold
Aim: Harold, wielding a +0 glaive, wearing a +0 scale mail and quivering a throwing net (severely wounded, very poisoned, chance to affect: 29%) Harold easily resists.
Harold barely misses you.
Casting: Static Discharge (safe; 1% risk of failure)
Confirm with . or Enter, or press ? or * to list all spells.
Harold is struck by an arc of lightning.
Harold is almost dead.
You are struck by an arc of lightning.
You die...

# ########## #
########......... #
#.............# ########
#.....))......#..
.......###..(..)@@.....'..
...................###.#..
...................#
...>.........###'###
.............# ....
####.........#.......
...####......#.......
......#......#.......
......#......#


You could see Harold (very poisoned).

Vanquished Creatures
  A two-headed ogre (D:8)
  Grinder (D:5)
  Sigmund (D:5)
  A yak (D:9)
  A wyvern (D:9)
  A steam dragon (D:9)
  Menkaure (D:6)
  An orc warrior (D:7)
  2 necrophages
  An ogre (D:5)
  2 centaurs (D:5)
  A kobold brigand (D:9)
  A phantom (D:5)
  An elf zombie (Ossuary)
  Blork the orc (D:5)
  4 bullfrogs
  A wyvern zombie (D:8)
  4 killer bees (D:8)
  A water moccasin skeleton (D:4)
  9 wights
  A howler monkey (D:7)
  A bullfrog zombie (D:5)
  2 human zombies (Ossuary)
  5 orc priests
  A jelly (D:6)
  2 hounds
  Crazy Yiuf (D:5)
  A bullfrog skeleton (D:6)
  An iguana (D:4)
  5 orc wizards
  A killer bee zombie (D:6)
  A hound skeleton (D:4)
  3 mummies
  A howler monkey skeleton (D:7)
  4 gnolls (D:5)
  14 adders
  5 river rats
  2 white imps
  An ufetubus (D:6)
  3 adder zombies (Ossuary)
  3 worms
  2 dart slugs
  22 orcs
  3 bats (D:1)
  7 endoplasms
  7 giant cockroaches
  5 goblins
  7 hobgoblins
  5 quokkas
  18 ball pythons
  10 frilled lizards
  10 hobgoblin zombies (Ossuary)
  2 jackal zombies (Ossuary)
  14 kobolds
  11 kobold zombies (Ossuary)
  7 orc zombies (Ossuary)
  27 rats
  A rat zombie (Ossuary)
252 creatures vanquished.

Notes
Turn   | Place    | Note
-------+----------+-------------------------------------------
     0 | D:1      | garrulousMonolith the Gnoll Air Elementalist began the
                  | quest for the Orb.
     0 | D:1      | Reached XP level 1. HP: 13/13 MP: 6/6
   269 | D:1      | Reached XP level 2. HP: 19/19 MP: 2/7
   720 | D:1      | Reached XP level 3. HP: 25/25 MP: 7/9
   723 | D:1      | Learned a level 2 spell: Static Discharge
   774 | D:1      | Reached skill level 5 in Spellcasting
  1241 | D:2      | Reached skill level 1 in Invocations
  1327 | D:2      | Reached skill level 1 in Fighting
  1327 | D:2      | Reached skill level 1 in Short Blades
  1327 | D:2      | Reached skill level 1 in Long Blades
  1327 | D:2      | Reached skill level 1 in Axes
  1327 | D:2      | Reached skill level 1 in Maces & Flails
  1327 | D:2      | Reached skill level 1 in Polearms
  1327 | D:2      | Reached skill level 1 in Staves
  1327 | D:2      | Reached skill level 1 in Slings
  1327 | D:2      | Reached skill level 1 in Bows
  1327 | D:2      | Reached skill level 1 in Crossbows
  1327 | D:2      | Reached skill level 1 in Throwing
  1327 | D:2      | Reached skill level 1 in Armour
  1327 | D:2      | Reached skill level 1 in Shields
  1327 | D:2      | Reached skill level 1 in Unarmed Combat
  1327 | D:2      | Reached skill level 1 in Evocations
  1505 | D:2      | Found a faded altar of an unknown god.
  1524 | D:2      | Reached XP level 4. HP: 32/32 MP: 9/11
  1740 | D:2      | Found Kitit's General Store.
  1769 | D:2      | Bought a potion of curing for 36 gold pieces
  1954 | D:3      | Found an ancient bone altar of Kikubaaqudgha.
  2129 | D:3      | Reached skill level 1 in Hexes
  2129 | D:3      | Reached skill level 1 in Summonings
  2129 | D:3      | Reached skill level 1 in Necromancy
  2129 | D:3      | Reached skill level 1 in Translocations
  2129 | D:3      | Reached skill level 1 in Transmutations
  2129 | D:3      | Reached skill level 1 in Fire Magic
  2129 | D:3      | Reached skill level 1 in Ice Magic
  2129 | D:3      | Reached skill level 1 in Earth Magic
  2129 | D:3      | Reached skill level 1 in Poison Magic
  2459 | D:4      | Reached XP level 5. HP: 36/37 MP: 7/12
  2711 | D:4      | Reached XP level 6. HP: 26/44 MP: 8/13
  2877 | D:4      | Found a transporter.
  2880 | D:4      | Noticed a sky beast
  2913 | D:4      | Noticed Thraspic's ghost (amateur DjTm)
  3093 | D:4      | Found a transporter.
  3254 | D:4      | Found an iron altar of Okawaru.
  3439 | D:4      | Learned a level 2 spell: Passwall
  3443 | D:4      | Learned a level 3 spell: Stone Arrow
  3448 | D:4      | Learned a level 4 spell: Airstrike
  3575 | D:5      | Entered Level 5 of the Dungeon
  3625 | D:5      | Reached skill level 5 in Dodging
  3808 | D:5      | Noticed Grinder
  3815 | D:5      | Paralysed by Grinder for 6 turns
  3829 | D:5      | Paralysed by Grinder for 5 turns
  3834 | D:5      | Killed Grinder
  3835 | D:5      | Reached XP level 7. HP: 19/50 MP: 13/15
  4032 | D:5      | Learned a level 1 spell: Sandblast
  4233 | D:5      | Noticed Sigmund
  4249 | D:5      | Killed Sigmund
  4378 | D:5      | Reached skill level 5 in Stealth
  4650 | D:5      | Reached XP level 8. HP: 48/57 MP: 9/16
  4918 | D:5      | Noticed Blork the orc
  4923 | D:5      | Killed Blork the orc
  5367 | D:5      | Found a staircase to the Ecumenical Temple.
  5377 | Temple   | Entered the Ecumenical Temple
  5783 | Temple   | Became a worshipper of Ashenzari the Shackled
  5907 | D:5      | Found a runed translucent door.
  5908 | D:5      | Noticed Crazy Yiuf
  6114 | D:5      | Killed Crazy Yiuf
  6369 | D:6      | Found a glowing drain.
  6375 | Sewer    | Entered a sewer
  7261 | D:6      | Reached XP level 9. HP: 65/65 MP: 13/19
  7396 | D:6      | Noticed Menkaure
  7401 | D:6      | Killed Menkaure
  7912 | D:7      | Found a sand-covered staircase.
  7921 | Ossuary  | Entered an ossuary
  9012 | D:7      | You fall into a shaft and drop 1 floor!
  9154 | D:8      | Found a staircase to the Lair.
  9571 | D:8      | Reached skill level 5 in Invocations
  9982 | D:8      | Noticed a two-headed ogre
  9988 | D:8      | Killed a two-headed ogre
  9989 | D:8      | Reached XP level 10. HP: 9/74 MP: 9/21
 10463 | D:9      | Reached skill level 5 in Fighting
 10463 | D:9      | Reached skill level 5 in Short Blades
 10463 | D:9      | Reached skill level 5 in Long Blades
 10463 | D:9      | Reached skill level 5 in Axes
 10463 | D:9      | Reached skill level 5 in Maces & Flails
 10463 | D:9      | Reached skill level 5 in Polearms
 10463 | D:9      | Reached skill level 5 in Staves
 10463 | D:9      | Reached skill level 5 in Slings
 10463 | D:9      | Reached skill level 5 in Bows
 10463 | D:9      | Reached skill level 5 in Crossbows
 10463 | D:9      | Reached skill level 5 in Throwing
 10463 | D:9      | Reached skill level 5 in Armour
 10463 | D:9      | Reached skill level 5 in Shields
 10463 | D:9      | Reached skill level 5 in Unarmed Combat
 10463 | D:9      | Reached skill level 5 in Evocations
 10530 | D:9      | HP: 2/74 [steam dragon/ball of steam (16)]
 10946 | D:9      | HP: 1/74 [yak (10)]
 11356 | D:9      | Reached * piety under Ashenzari
 11356 | D:9      | Identified 2 scrolls of acquirement
 11357 | D:9      | Acquired the +7 demon whip of Koxtoresch {drain, Dex+4}
 11358 | D:9      | Acquired a book of Vapours
 11363 | D:9      | Learned a level 2 spell: Poisonous Vapours
 11635 | D:9      | Noticed Harold
 11645 | D:9      | HP: 2/76 [Harold/harpoon shot (15)]
 11647 | D:9      | Killed from afar by themself

Illustrated notes

Levels and vault maps discovered:
D:1:      dpeg_arrival_brainrot, layout_loops_corners, minmay_hexomino_c4
D:2:      layout_basic, serial_shops, nicolae_shop_waterfront,
          chequers_ecumenical_altar_island
D:3:      layout_rooms, mainiacjoe_overflow_boulevard
D:4:      layout_loops_cross, lemuel_doored_altar, gammafunk_ghost_arena,
          kennysheep_donut
D:5:      layout_loops_ring, minmay_temple_entry_antechambers, uniq_sigmund,
          uniq_grinder, uniq_blork_the_orc, uniq_crazy_yiuf_cottage
D:6:      layout_loops_ring, gup_sewer_entry_bubbles, mrwooster_statue_mirror,
          uniq_menkaure
D:7:      layout_layer_cave, nicolae_ossuary_entry_giza
D:8:      layout_gridville, lair_entry_dummy
D:9:      layout_irregular_city, uniq_harold
Temple:   mainiacjoe_temple_big_plus

Skill      XL: |  1  2  3  4  5  6  7  8  9 10 |
---------------+-------------------------------+-----
Conjurations   | 2 3 4 |  4.8
Spellcasting   | 5 6 7 |  7.2
Invocations    | 1 2 3 4 5 |  5.6
Fighting       | 1 2 3 4 5 |  5.1
Short Blades   | 1 2 3 4 5 |  5.1
Long Blades    | 1 2 3 4 5 |  5.1
Axes           | 1 2 3 4 5 |  5.1
Maces & Flails | 1 2 3 4 5 |  5.1
Polearms       | 1 2 3 4 5 |  5.1
Staves         | 1 2 3 4 5 |  5.1
Slings         | 1 2 3 4 5 |  5.1
Bows           | 1 2 3 4 5 |  5.1
Crossbows      | 1 2 3 4 5 |  5.1
Throwing       | 1 2 3 4 5 |  5.1
Armour         | 1 2 3 4 5 |  5.1
Shields        | 1 2 3 4 5 |  5.1
Unarmed Combat | 1 2 3 4 5 |  5.1
Evocations     | 1 2 3 4 5 |  5.1
Hexes          | 1 2 3 4 |  4.2
Summonings     | 1 2 3 4 |  4.2
Necromancy     | 1 2 3 4 |  4.2
Translocations | 1 2 3 4 |  4.2
Transmutations | 1 2 3 4 |  4.2
Fire Magic     | 1 2 3 4 |  4.2
Ice Magic      | 1 2 3 4 |  4.2
Earth Magic    | 1 2 3 4 |  4.2
Poison Magic   | 1 2 3 4 |  4.2
Dodging        | 5 6 7 |  7.0
Stealth        | 5 6 |  6.7
Air Magic      | 6 7 |  7.0

Action                   |  1- 3 |  4- 6 |  7- 9 | 10-12 || total
-------------------------+-------+-------+-------+-------++-------
Melee: Dagger            |     3 |       |     2 |     4 ||     9
       Flail             |       |       |    14 |       ||    14
       Unarmed           |       |       |     6 |       ||     6
       Bite              |       |       |     5 |       ||     5
       Staff             |       |       |    10 |       ||    10
       Morningstar       |       |       |     1 |     1 ||     2
 Cast: Shock             |    79 |    75 |    84 |       ||   238
       Static Discharge  |       |    23 |   114 |    19 ||   156
       Stone Arrow       |       |       |    65 |     8 ||    73
       Airstrike         |       |       |       |     5 ||     5
       Poisonous Vapours |       |       |       |     4 ||     4
Invok: Curse Item        |       |       |     1 |     1 ||     2
Evoke: Wand              |       |     1 |     1 |     3 ||     5
  Use: Scroll            |     2 |       |     7 |     5 ||    14
       Potion            |       |     1 |     3 |       ||     4
 Stab: Sleeping          |       |       |     1 |       ||     1
Armor: Robe              |     6 |     1 |       |       ||     7
       Leather armour    |       |     6 |    33 |    13 ||    52
Dodge: Dodged            |    10 |    29 |   164 |    19 ||   222
Block: Buckler           |       |     4 |    48 |     6 ||    58

Table legend: (Time is in decaauts)
 A = Elapsed time spent in this place.
 B = Non-inter-level travel time spent in this place.
 C = Inter-level travel time spent in this place.
 D = Time resting spent in this place.
 E = Time spent auto-exploring this place.
 F = Levels seen in this place.
 G = Mean time per level.
                   A        B        C        D        E       F      G
               +--------+--------+--------+--------+--------+-----+--------+
         Total |  11715 |  11429 |    286 |   2814 |   6968 |  12 |  976.2 |
       Dungeon |   9949 |   9685 |    264 |   2237 |   6134 |   9 | 1105.4 |
        Temple |    428 |    406 |     22 |      0 |    386 |   1 |  428.0 |
         Sewer |    683 |    683 |      0 |    224 |    290 |   1 |  683.0 |
       Ossuary |    653 |    653 |      0 |    353 |    158 |   1 |  653.0 |
               +--------+--------+--------+--------+--------+-----+--------+

Top non-repeatable levels by time:
     D:5: 2074 daAuts
     D:8: 1439 daAuts
     D:4: 1251 daAuts
     D:1: 1208 daAuts
     D:9: 1193 daAuts
     D:6: 1051 daAuts
   Sewer: 683 daAuts
 Ossuary: 653 daAuts
     D:2: 643 daAuts
     D:3: 599 daAuts
     D:7: 487 daAuts
  Temple: 428 daAuts
